 Dungeon Crawl Stone Soup version 0.24.0-1-gfbc8707 (webtiles) character file.

Game seed: 9819337750932655015, levelgen mode: deterministic

3703 TheDoctor the Nimble (level 9, 0/44 HPs)
             Began as a Felid Artificer on Nov 6, 2019.
             Was a Priest of Wu Jian.
             Slain by Snorg (19 damage)
             ... on level 11 of the Dungeon on Nov 7, 2019.
             The game lasted 01:05:14 (21999 turns).

TheDoctor the Nimble (Felid Artificer)             Turns: 21999, Time: 01:05:15

Health: 0/44       AC:  3    Str: 12    XL:     9   Next: 91%
Magic:  13/13      EV: 27    Int: 14    God:    Wu Jian [***...]
Gold:   702        SH:  0    Dex: 17    Spells: 10/12 levels left
                                        Lives:  0   Deaths: 3

rFire    . . .     SeeInvis +     - Unarmed
rCold    + . .     Gourm    .   (shield unavailable)
rNeg     . . .     Faith    .   (armour unavailable)
rPois    .         Spirit   .   (helmet unavailable)
rElec    .         Reflect  .   (cloak unavailable)
rCorr    .         Harm     .   (gloves unavailable)
MR       +++..                  (boots unavailable)
Stlth    +++++.....             (no amulet)
HPRegen  0.14/turn              r - ring of protection from magic
MPRegen  0.13/turn              v - ring of protection from cold

@: exhausted, quick
A: very small, no armour, no weapons or thrown items, stealth, claws 1, fangs 3,
rugged brown scales 1, see invisible, carnivore, speed 1, magic resistance 1,
shaggy fur 2, slow metabolism 1, strong 1, sharp paws
a: Wall Jump, Serpent's Lash, Renounce Religion


You were on level 11 of the Dungeon.
You worshipped Wu Jian.
Wu Jian was most pleased with you.
You were very full.

You visited 2 branches of the dungeon, and saw 12 of its levels.

You collected 741 gold pieces.
You spent 39 gold pieces at shops.

Inventory:

Jewellery
 c - an uncursed ring of magical power
 k - an uncursed ring of magical power
 m - an uncursed ring of positive energy {unknown}
 r - a ring of protection from magic (left paw)
 v - a ring of protection from cold (right paw)
 B - an uncursed amulet of rage
Wands
 b - a wand of enslavement (2)
 o - a wand of acid (1)
Scrolls
 e - 3 scrolls of amnesia
 g - a scroll of immolation
 i - a scroll of magic mapping
 l - a scroll of torment {unknown}
 p - a scroll of brand weapon {unknown}
 q - 3 scrolls of enchant weapon
 s - 4 scrolls of remove curse
 y - 2 scrolls of identify
 A - a scroll of fear {unknown}
Potions
 a - a potion of brilliance
 f - a potion of mutation
 h - a potion of lignification
 j - 2 potions of ambrosia
 n - a potion of might
 t - a potion of invisibility
 u - 6 potions of curing
 w - a potion of resistance {unknown}
 x - a potion of berserk rage {unknown}
 z - a potion of agility {unknown}
Comestibles
 d - 16 rations


   Skills:
 + Level 7.6 Fighting
 - Level 11.1 Dodging
 - Level 11.0 Stealth
 - Level 10.0 Unarmed Combat
 + Level 2.3 Spellcasting
 * Level 7.5 Hexes
 - Level 5.0 Evocations


You had 10 spell levels left.
You knew the following spells:

 Your Spells              Type           Power        Failure   Level  Hunger
a - Slow                  Hex            ###.....     1%          2    ###....

Your spell library contained the following spells:

 Spells                   Type           Power        Failure   Level  Hunger
 Corona                   Hex            ###....      1%          1    #......
 Cause Fear               Hex            ###.......   11%         4    #####..
 Inner Flame              Hex/Fire       ##......     14%         3    ###....
 Leda's Liquefaction      Hex/Erth       ##........   43%         4    #####..
 Portal Projectile        Hex/Tloc       Unusable     N/A         3    N/A

Dungeon Overview and Level Annotations

Branches:
Dungeon (11/15)            Temple (1/1) D:6            Lair (0/6) D:11
    Orc (0/2) D:9

Altars:
Ashenzari
Cheibriados
Dithmenos
Elyvilon
Fedhas
Gozag
Hepliaklqana
Kikubaaqudgha
Makhleb
Nemelex Xobeh
Okawaru
Qazlal
Ru
Sif Muna
Trog
Uskayaw
Vehumet
Wu Jian
Xom
Yredelemnul
Zin
The Shining One

Shops:
D:5 [![[   D:9 [   D:11 [

Annotations:
D:3 1 runed translucent door, Crazy Yiuf
D:4 Duvessa
D:8 exclusions: door and ice statue
D:9 Erolcha
D:11 Snorg


Innate Abilities, Weirdness & Mutations

You cannot wear armour.
You are incapable of wielding weapons or throwing items.
Your paws allow you to move quietly. (Stealth)
You have sharp claws.
You have razor-sharp teeth.
You have supernaturally acute eyesight. (SInv)
You are carnivorous and can eat meat at any time.
You cover ground quickly.
You are covered in thick fur. (AC +2)
You have a slow metabolism.
Your sharp claws are effective at attacking unaware monsters.
You are partially covered in rugged brown scales. (AC +1, +3% HP)
You are resistant to hostile enchantments. (MR+)
Your muscles are strong. (Str +2)


Message History

Aiming: Wall Jump
Press: ? - help, Dir - move target cursor You repeatedly attack Snorg from above.
You scratch Snorg. You bite Snorg, but do no damage.
Snorg is moderately wounded.
You claw Snorg!
Snorg is moderately wounded.
Snorg bites you!! Snorg misses you. Snorg completely misses you.
Snorg misses you. Snorg closely misses you. Snorg completely misses you.
Snorg closely misses you. Snorg completely misses you. x2
Aiming: Wall Jump
Press: ? - help, Dir - move target cursor You repeatedly attack Snorg from above.
You claw Snorg! You claw Snorg. Your bite misses Snorg.
Snorg is heavily wounded.
You scratch Snorg.
Snorg is heavily wounded.
Snorg completely misses you. Snorg barely misses you.
Snorg completely misses you. Snorg barely misses you. Snorg claws you!!
You die...

^.### ....### ......#
.....#### ........#
..#...[.#### #####
..#.....#..## #...##
.......^....# ##○○<.#
..........#####○@T.##
#.....>.T...#..○○○..##
#....[...#...........#
#.......####.#.....###
..........#####...##
.......#...(#*#..##
.....#####..#*.###
..T..##.###..#.**
................**


You could see Snorg (berserk).

Vanquished Creatures
  A two-headed ogre (D:10)
  Nergalle (D:11)
  An ugly thing (D:11)
  A deep elf mage (D:9)
  A centaur skeleton (D:11)
  A kobold demonologist (D:11)
  Grinder (D:5)
  3 trolls (D:11)
  3 hippogriffs
  2 wyverns (D:10)
  Eustachio (D:6)
  Sigmund (D:3)
  9 yaks
  2 hungry ghosts (D:9)
  Menkaure (D:6)
  5 orc warriors
  A sky beast (D:10)
  2 black bears
  A necrophage (D:5)
  An eye of draining (D:10)
  3 ogres
  3 ice beasts
  3 phantoms
  A centaur (D:5)
  Blork the orc (D:5)
  4 bullfrogs
  A wyvern zombie (D:11)
  A wyvern skeleton (D:11)
  A scorpion (D:5)
  5 killer bees
  A troll zombie (D:9)
  3 howler monkeys
  7 wights
  3 crimson imps
  A centaur zombie (D:11)
  A bullfrog zombie (D:4)
  6 hounds
  2 jellies
  9 orc priests
  2 bullfrog skeletons
  5 iguanas
  16 orc wizards
  7 worker ants
  4 ogre zombies (D:9)
  4 hound zombies
  4 hound skeletons
  Robin (D:3)
  4 gnolls
  5 adders
  2 shadow imps
  2 oozes
  An adder zombie (D:4)
  3 worms
  A dart slug (D:1)
  2 leopard geckos
  45 orcs
  4 giant cockroaches
  8 hobgoblins
  12 jackals
  5 quokkas
  9 ball pythons
  6 bats
  11 frilled lizards
  15 goblins
  2 goblin skeletons (D:9)
  2 goblin zombies (D:9)
  A hobgoblin skeleton (D:9)
  A hobgoblin zombie (D:9)
  A jackal zombie (D:5)
  11 kobolds
  2 orc skeletons (D:9)
  11 orc zombies (D:9)
  7 rats
  A bush (D:1)
312 creatures vanquished.

Vanquished Creatures (collateral kills)
  A hippogriff (D:11)
  2 hungry ghosts (D:11)
  A killer bee (D:11)
  A crimson imp (D:5)
  An orc (D:3)
6 creatures vanquished.

Vanquished Creatures (others)
  2 wights (D:6)
  2 adders
  An orc (D:7)
5 creatures vanquished.

Grand Total: 323 creatures vanquished

Notes
Turn   | Place    | Note
-------+----------+-------------------------------------------
     0 | D:1      | TheDoctor the Felid Artificer began the quest for the Orb.
     0 | D:1      | Reached XP level 1. HP: 9/9 MP: 4/4
   416 | D:1      | Reached XP level 2. HP: 12/12 MP: 6/6
  1138 | D:1      | Reached XP level 3. HP: 15/15 MP: 7/7
  2285 | D:2      | Found a basalt altar of Yredelemnul.
  3391 | D:2      | Reached XP level 4. HP: 19/19 MP: 8/8
  3732 | D:3      | Noticed Robin
  4690 | D:3      | Reached XP level 5. HP: 5/22 MP: 9/9
  5177 | D:3      | Found a runed translucent door.
  5178 | D:3      | Noticed Crazy Yiuf
  5206 | D:3      | Noticed Sigmund
  5243 | D:3      | Killed Sigmund
  5243 | D:3      | Gained mutation: You are covered in thick fur. (AC +2)
                  | [Felid growth]
  5243 | D:3      | Reached XP level 6. HP: 18/25 MP: 10/10
  5707 | D:3      | Killed Robin
  5861 | D:4      | Reached skill level 5 in Stealth
  6248 | D:4      | Reached skill level 5 in Unarmed Combat
  6962 | D:4      | Reached skill level 5 in Evocations
  7209 | D:4      | Reached XP level 7. HP: 28/28 MP: 11/11
  7718 | D:4      | Found a blossoming altar of Fedhas.
  7718 | D:4      | Found an opulent altar of Gozag.
  8111 | D:5      | Entered Level 5 of the Dungeon
  8169 | D:5      | Noticed Grinder
  8172 | D:5      | Noticed Dowan
  8175 | D:5      | Noticed Duvessa
  8189 | D:5      | Gained mutation: Your muscles are strong. (Str +2) [potion
                  | of mutation]
  8189 | D:5      | Gained mutation: You are resistant to hostile enchantments.
                  | (MR+) [potion of mutation]
  8189 | D:5      | Gained mutation: You are partially covered in rugged brown
                  | scales. (AC +1, +3% HP) [potion of mutation]
  8203 | D:5      | Killed Grinder
  8209 | D:5      | Noticed Dowan
  8209 | D:5      | Dowan changed into Dowan the adder
  8213 | D:5      | Killed Dowan the adder
  8798 | D:5      | Reached XP level 8. HP: 18/32 MP: 12/12
  8992 | D:5      | Found Noqott's Antique Armour Shoppe.
  9039 | D:5      | Found a shadowy altar of Dithmenos.
  9393 | D:5      | Found Hulom's Distillery.
  9401 | D:5      | Bought a potion of curing for 39 gold pieces
  9428 | D:5      | Noticed Blork the orc
 10038 | D:5      | Found Wairgh's Antique Armour Boutique.
 10078 | D:5      | Killed Blork the orc
 10335 | D:5      | Identified the cursed +2 hand axe "Nimuta" {freeze, +Blink
                  | rElec rF++ Str-5}
 10360 | D:5      | Found Zoucuenao's Antique Armour Shoppe.
 12063 | D:5      | Reached XP level 9. HP: 29/37 MP: 13/13
 12572 | D:6      | Noticed Menkaure
 12609 | D:6      | Killed Menkaure
 12856 | D:6      | Found a staircase to the Ecumenical Temple.
 12878 | D:6      | Noticed Eustachio
 12881 | Temple   | Entered the Ecumenical Temple
 13070 | Temple   | Became a worshipper of the Wu Jian Council
 13131 | D:6      | Killed Eustachio
 13131 | D:6      | Reached skill level 10 in Unarmed Combat
 13318 | D:7      | Engulfed by a steam dragon's steam
 13319 | D:7      | Reached XP level 8. HP: 0/34 MP: 12/12
 13374 | D:7      | Noticed a two-headed ogre
 13490 | D:7      | Reached skill level 5 in Dodging
 14211 | D:7      | Found an ancient bone altar of Kikubaaqudgha.
 14563 | D:7      | Noticed a hippogriff
 14564 | D:7      | Found a hide-covered altar of Uskayaw.
 14574 | D:7      | Killed a hippogriff
 14912 | D:8      | Noticed an ice devil
 14912 | D:8      | Noticed an ice devil
 14918 | D:8      | Noticed an ice statue
 14958 | D:8      | Found a shimmering blue altar of Sif Muna.
 15068 | D:8      | Noticed an ice devil
 15069 | D:8      | Noticed an ice devil
 15069 | D:8      | Noticed an ice devil
 15069 | D:8      | Noticed an ice devil
 15099 | D:8      | Noticed a hippogriff
 15105 | D:8      | Killed a hippogriff
 15105 | D:8      | Reached XP level 9. HP: 39/39 MP: 13/13
 15160 | D:8      | Reached * piety under Wu Jian
 15522 | D:8      | Found a sacrificial altar of Ru.
 15526 | D:8      | You fall into a shaft and drop 3 floors!
 15527 | D:11     | Noticed Snorg
 15731 | D:11     | Noticed Nergalle
 15749 | D:11     | Noticed a brown ugly thing
 15751 | D:11     | Noticed a manticore
 15752 | D:11     | Noticed a troll
 15758 | D:11     | Noticed a troll
 15761 | D:11     | Noticed an orc knight
 15792 | D:10     | Entered Level 10 of the Dungeon
 15798 | D:10     | Noticed a two-headed ogre
 15804 | D:10     | Killed a two-headed ogre
 15804 | D:10     | Reached skill level 10 in Dodging
 16621 | D:9      | Reached XP level 10. HP: 38/44 MP: 14/14
 16656 | D:9      | Reached skill level 5 in Fighting
 16665 | D:9      | Reached ** piety under Wu Jian
 16960 | D:9      | Noticed Erolcha
 17132 | D:9      | Found Bav Vaut's Antique Armour Boutique.
 17142 | D:9      | Noticed a deep elf mage
 17153 | D:9      | Killed a deep elf mage
 17387 | D:9      | Found a staircase to the Orcish Mines.
 17522 | D:9      | Reached skill level 10 in Stealth
 17861 | D:8      | Found a bloodstained altar of Trog.
 17862 | D:8      | Found an iron altar of Okawaru.
 17932 | D:8      | Found a snail-covered altar of Cheibriados.
 18060 | D:9      | Found a shimmering altar of Xom.
 18061 | D:9      | Found a shimmering altar of Xom.
 18061 | D:9      | Found a shimmering altar of Xom.
 18062 | D:9      | Found a shimmering altar of Xom.
 18173 | D:9      | Found a shimmering altar of Xom.
 18174 | D:9      | Found a shimmering altar of Xom.
 18176 | D:9      | Found a shimmering altar of Xom.
 18393 | D:10     | Found an iron altar of Okawaru.
 18417 | D:10     | Reached *** piety under Wu Jian
 18934 | D:10     | Learned a level 2 spell: Slow
 18978 | D:10     | Reached skill level 1 in Hexes
 20922 | D:11     | Reached XP level 11. HP: 29/51 MP: 15/15
 20940 | D:11     | Reached skill level 5 in Hexes
 21221 | D:11     | Splashed by a brown ugly thing's acid
 21222 | D:11     | Reached XP level 10. HP: -1/48 MP: 14/14
 21261 | D:11     | Reached skill level 1 in Spellcasting
 21303 | D:11     | Found Cit Gui's Armour Shoppe.
 21412 | D:11     | Mangled by Snorg
 21413 | D:11     | Reached XP level 9. HP: -7/44 MP: 10/13
 21477 | D:11     | Killed Nergalle
 21764 | D:11     | Killed a brown ugly thing
 21804 | D:11     | Found a staircase to the Lair.
 21804 | D:11     | Noticed a kobold demonologist
 21808 | D:11     | Killed a kobold demonologist
 21841 | D:11     | Noticed a cyclops
 21855 | D:11     | Killed a troll
 21999 | D:11     | Slain by Snorg

Levels and vault maps discovered:
D:1:      dpeg_arrival_rooms_c, layout_basic, serial_forest,
          infiniplex_forest_end_1, infiniplex_forest_straight_1,
          infiniplex_forest_end_1, infiniplex_forest_corner_1,
          infiniplex_forest_clump_tiny, infiniplex_forest_lined_room_,
          infiniplex_forest_clump_long, infiniplex_forest_lined_3_way,
          infiniplex_forest_end_1
D:2:      layout_loops_cross, lemuel_crystal_altar, minmay_shallow_snake_nest
D:3:      layout_basic, first_ration, minmay_fractal_squares_5,
          uniq_crazy_yiuf_cottage, uniq_robin, uniq_sigmund
D:4:      layout_layer_cave, gammafunk_temple_overflow_elements, serial_undead,
          serial_undead_f, serial_undead_e, serial_undead_c, serial_undead_e
D:5:      layout_cave_pods, nicolae_dithmenos_the_darkroom, serial_shops, shop,
          shop, shop, shop, uniq_blork_the_orc, uniq_grinder, uniq_duvessa
D:6:      layout_cave_pools, temple_pool_b, uniq_eustachio, uniq_menkaure
D:7:      layout_loops_cross, kiku_gazebo_pond_becter, lemuel_doored_altar
D:8:      cheibrodos_frozen_isle, layout_basic,
          grunt_temple_overflow_bloody_war, kennysheep_mini_moat,
          nicolae_overflow_crystal_walls, led_sif_book, serial_curves,
          eino_curves_02, eino_curves_01
D:9:      layout_cave_pools, xom_redecorated, zombieorc1_lemuel, serial_shops,
          nicolae_shop_statue_plus, grunt_livestock, st_stairs_14,
          grunt_tough_drop, uniq_erolcha
D:10:     layout_long_grid, okawaru_ov_weapons_minmay
D:11:     hangedman_cross_cluster, layout_cave_pools, serial_shops, shop,
          uniq_snorg, uniq_nergalle
Temple:   dpeg_chambers_temple

Skill      XL: |  1  2  3  4  5  6  7  8  9 10 11 |
---------------+----------------------------------+-----
Evocations     | 4 5 |  5.0
Stealth        | 2 3 4 5 6 8 11 | 11.0
Unarmed Combat | 2 3 4 5 7 9 10 | 10.0
Fighting       | 3 4 7 |  7.6
Dodging        | 7 11 | 11.1
Hexes          | 7 4 5 |  7.5
Spellcasting   | 2 1 |  2.3

Action                   |  1- 3 |  4- 6 |  7- 9 | 10-12 || total
-------------------------+-------+-------+-------+-------++-------
Melee: Unarmed           |   381 |   139 |   552 |   351 ||  1423
       Bite              |    58 |    13 |    54 |    48 ||   173
       Punch             |     5 |     3 |    25 |    11 ||    44
 Cast: Slow              |       |       |       |     9 ||     9
Invok: Lunge             |       |       |    33 |   103 ||   136
       Whirlwind         |       |       |    55 |    98 ||   153
       Serpent's Lash    |       |       |     4 |     1 ||     5
 Abil: Wall Jump         |       |       |     8 |     5 ||    13
Evoke: Wand              |     3 |    20 |    25 |     3 ||    51
  Use: Potion            |       |     3 |    10 |     2 ||    15
       Scroll            |       |       |    12 |       ||    12
 Stab: Sleeping          |    12 |     8 |    16 |    13 ||    49
       Distracted        |       |     1 |     6 |     6 ||    13
  Eat: Chunk             |    13 |     7 |    31 |    17 ||    68
Armor: Skin              |     8 |    13 |    48 |    11 ||    80
Dodge: Dodged            |   126 |    74 |   386 |   268 ||   854
